 Dungeon Crawl Stone Soup version 0.21.0-3-g78d12a8 (webtiles) character file.

130 Firecrotchwizard the Poker (level 5, -1/41 HPs)
             Began as a Merfolk Gladiator on Jan 15, 2018.
             Killed by nerve-wracking pain
             ... invoked by a shadow imp
             ... summoned by Whaleporn's ghost
              (12 damage)
             ... on level 3 of the Dungeon.
             The game lasted 00:04:23 (2426 turns).

Firecrotchwizard the Poker (Merfolk Gladiator)      Turns: 2426, Time: 00:04:24

Health: -1/41      AC:  6    Str: 14    XL:     5   Next: 13%
Magic:  5/5        EV: 13    Int:  8    God:
Gold:   83         SH:  0    Dex: 16    Spells: 4/4 levels left

rFire    . . .     SeeInvis .   a - +0 trident
rCold    . . .     Gourm    .   (no shield)
rNeg     . . .     Faith    .   e - +0 ring mail
rPois    .         Spirit   .   c - +0 helmet
rElec    .         Reflect  .   (no cloak)
rCorr    .         Harm     .   (no gloves)
MR       .....                  (no boots)
Stlth    +.........             (no amulet)
HPRegen  0.13/turn              (no ring)
MPRegen  0.09/turn              (no ring)

@: no status effects
A: change form in water, swift swim, stealthy swim
a: no special abilities


You were on level 3 of the Dungeon.
You were not hungry.

You visited 1 branch of the dungeon, and saw 3 of its levels.

You collected 83 gold pieces.

Inventory:

Hand Weapons
 a - a +0 trident (weapon)
Missiles
 d - 3 throwing nets {=f, !d}
Armour
 b - a +0 leather armour
 c - a +0 helmet (worn)
 e - a +0 ring mail (worn)
   (You found it on level 1 of the Dungeon)
Jewellery
 j - an uncursed amulet of regeneration {unknown}
   (You found it on level 1 of the Dungeon)
 p - an uncursed amulet of faith {unknown}
   (You found it on level 2 of the Dungeon)
Scrolls
 g - a scroll of blinking {unknown}
 h - a scroll of remove curse
 i - a scroll of teleportation {unknown}
 n - a scroll of immolation {unknown}
Potions
 k - 2 potions of flight {unknown}
 l - 2 potions of curing {unknown}
 m - 2 potions of haste {unknown}
 o - a potion of heal wounds {unknown}
 q - a potion of lignification {unknown}
Comestibles
 f - 7 rations {@e1}


   Skills:
 + Level 3.2 Fighting
 * Level 6.2 Polearms
 - Level 2.0 Throwing
 + Level 1.2 Armour
 + Level 4.8 Dodging


You had 4 spell levels left.
You didn't know any spells.

Dungeon Overview and Level Annotations

Branches:
Dungeon (3/15)

Altars:
Sif Muna
Vehumet
The Shining One

Annotations:
D:3 Whaleporn's ghost, amateur OpWz


Message History

There is a stone staircase leading down here.
You climb downwards.
A bat comes into view.
There is a stone staircase leading up here.
The bat closely misses you.
You closely miss the bat. The bat hits you but does no damage.
You hit the bat. The bat misses you. The bat closely misses you.
The bat barely misses you.
You closely miss the bat. The bat misses you.
You miss the bat. The bat hits you but does no damage.
You miss the bat. The bat hits you but does no damage.
Attack whom?
Aim: a bat (severely wounded)
You reach to attack!
You puncture the bat!
You kill the bat!
No target in view!
No target in view!
A rat comes into view.
A rat is nearby!
The rat misses you.
You puncture the rat!
You kill the rat!
No target in view!
A kobold comes into view.
The kobold throws a stone.
The stone hits you but does no damage.
Things that are here:
a stone; a rat corpse Whaleporn's ghost (amateur Octopode Wizard) comes into view.
It is wielding a weapon of flaming.
Whaleporn's ghost turns its malevolent gaze towards you.
You barely miss Whaleporn's ghost. Whaleporn's ghost stares at you.
Whaleporn's ghost hits you. Whaleporn's ghost burns you.
You take 3 damage, and have 38/41 hp.
You barely miss Whaleporn's ghost.
Whaleporn's ghost stares at you and mumbles some strange words.
The magic dart hits you!
You take 12 damage, and have 26/41 hp.
MASSIVE DAMAGE!!
You barely miss Whaleporn's ghost. Whaleporn's ghost barely misses you.
Your ring mail prevents you from hitting Whaleporn's ghost.
Whaleporn's ghost hits you but does no damage.
You closely miss Whaleporn's ghost.
Whaleporn's ghost mumbles some strange words.
A goblin comes into view. It is wielding a dagger.
The goblin shouts!
You barely miss Whaleporn's ghost.
Whaleporn's ghost casts a spell.
The shadow imp barely misses you.
You hit Whaleporn's ghost. Whaleporn's ghost hits you.
Whaleporn's ghost burns you. The shadow imp barely misses you.
The shadow imp closely misses you.
You take 4 damage, and have 23/41 hp.
You barely miss Whaleporn's ghost.
Whaleporn's ghost hits you but does no damage.
The shadow imp closely misses you. x2
You hit Whaleporn's ghost. Whaleporn's ghost closely misses you.
The shadow imp hits you. The shadow imp closely misses you.
You take 3 damage, and have 20/41 hp.
You hit Whaleporn's ghost.
Whaleporn's ghost hits you but does no damage.
The shadow imp gestures at you.
You barely resist. The shadow imp barely misses you.
You hit Whaleporn's ghost but do no damage.
Whaleporn's ghost hits you but does no damage.
The shadow imp closely misses you. The shadow imp hits you.
You take 2 damage, and have 18/41 hp.
You hit Whaleporn's ghost. Whaleporn's ghost barely misses you.
The shadow imp shouts, "Slither away, thou fobbing spur-galled lewdster!"
The shadow imp misses you. The shadow imp gestures at you.
You barely resist. You hit Whaleporn's ghost.
Whaleporn's ghost barely misses you. The shadow imp misses you.
The shadow imp gestures at you.
You barely resist. You closely miss Whaleporn's ghost.
Whaleporn's ghost closely misses you. The shadow imp hits you.
The shadow imp closely misses you.
You take 3 damage, and have 16/41 hp.
You hit Whaleporn's ghost. Whaleporn's ghost barely misses you.
The shadow imp hits you.
* * * LOW HITPOINT WARNING * * *
The shadow imp puffs mist at you. The shadow imp closely misses you.
You take 5 damage, and have 11/41 hp.
You hit Whaleporn's ghost.
Whaleporn's ghost hits you but does no damage.
The shadow imp hits you but does no damage.
The shadow imp barely misses you.
You hit Whaleporn's ghost.
Whaleporn's ghost hits you but does no damage.
The shadow imp completely misses you.
The shadow imp hits you but does no damage.
You barely miss Whaleporn's ghost.
Whaleporn's ghost mumbles some strange words.
The shadow imp closely misses you. x2
You closely miss Whaleporn's ghost. Whaleporn's ghost barely misses you.
The shadow imp closely misses you. The shadow imp gestures at you.
Pain shoots through your body!
You die...

##### #.?.# #.#.# #.#.#
#.#.#########
#######.#.<........
.#####.55..†.....)######
.......@5.....###.#
.#####W#####..# #.# ..K
#..# #.# ###. #..# #.#
.. ..>###†# #.
##......###### #.
#..###.(..... #. #..#
#.###### #.#


You could see Whaleporn's ghost, 3 shadow imps and a kobold.

Vanquished Creatures
  An orc priest (D:3)
  3 adders (D:2)
  2 worms (D:2)
  2 dart slugs
  2 leopard geckos (D:1)
  4 orcs
  5 ball pythons
  6 bats
  2 giant cockroaches
  6 goblins
  6 hobgoblins
  2 jackals (D:1)
  3 frilled lizards
  7 kobolds
  6 rats
57 creatures vanquished.

Notes
Turn   | Place    | Note
-------+----------+-------------------------------------------
     0 | D:1      | Firecrotchwizard the Merfolk Gladiator began the quest for the Orb.
     0 | D:1      | Reached XP level 1. HP: 16/16 MP: 1/1
   246 | D:1      | Reached XP level 2. HP: 22/23 MP: 2/2
   558 | D:1      | Reached skill level 5 in Polearms
   821 | D:1      | Reached XP level 3. HP: 26/28 MP: 3/3
   987 | D:2      | Found a radiant altar of Vehumet.
  1108 | D:2      | Found a glowing golden altar of the Shining One.
  1475 | D:2      | Reached XP level 4. HP: 28/34 MP: 4/4
  1771 | D:3      | Found a deep blue altar of Sif Muna.
  1781 | D:2      | Reached skill level 1 in Armour
  2015 | D:3      | Reached skill level 3 in Fighting
  2128 | D:3      | Reached skill level 6 in Polearms
  2128 | D:3      | Reached XP level 5. HP: 15/41 MP: 5/5
  2407 | D:3      | Noticed Whaleporn's ghost (amateur OpWz)
  2426 | D:3      | Killed from afar by a shadow imp

Skill      XL: |  1  2  3  4 |
---------------+-------------+-----
Polearms       | 5 6 |  6.2
Armour         | 1 |  1.2
Fighting       | 3 |  3.2
Throwing       | |  2.0
Dodging        | |  4.8

Action                   |  1- 3 |  4- 6 || total
-------------------------+-------+-------++-------
Melee: Trident           |   152 |    75 ||   227
  Use: Scroll            |     1 |       ||     1
 Stab: Sleeping          |     1 |       ||     1
  Eat: Chunk             |     2 |     3 ||     5
Armor: Ring mail         |    43 |    26 ||    69
Dodge: Dodged            |    71 |    70 ||   141

Vault maps used:
D:1:      tarquinn_simple_flora_water_c
D:2:      vehumet_crystals, lemuel_doored_altar
D:3:      led_sif_book, overflow_temple_1_default, kennysheep_doodads,
          st_stairs_3

Table legend:
 A = Turns spent in this place as a percentage of turns spent in the entire game.
 B = Non-inter-level travel turns spent in this place as a percentage of non-inter-level travel turns spent in the entire game.
 C = Inter-level travel turns spent in this place as a percentage of turns spent in this place.
 D = Turns resting spent in this place as a percentage of non-inter-level travel turns spent in this place.
 E = Turns spent auto-exploring this place as a percentage of non-inter-level travel turns spent in this place.
 F = Non-inter-level travel turns spent in this place divided by the number of levels of this place that you've seen.
                   A       B       C       D       E      F
               +-------+-------+-------+-------+-------+----------------------
         Total | 100.0 | 100.0 |   6.2 |  28.5 |  51.7 | 758.3
       Dungeon | 100.0 | 100.0 |   6.2 |  28.5 |  51.7 | 758.3
               +-------+-------+-------+-------+-------+----------------------

Table legend:
 A = Kills in this place as a percentage of kills in entire the game.
 B = Kills by you in this place as a percentage of kills by you in the entire game.
 C = Kills by friends in this place as a percentage of kills by friends in the entire game.
 D = Other kills in this place as a percentage of other kills in the entire game.
 E = Experience gained in this place as a percentage of experience gained in the entire game.
 F = Experience gained in this place divided by the number of levels of this place that you have seen.
                   A       B       C       D       E      F
               +-------+-------+-------+-------+-------+----------------------
         Total | 100.0 | 100.0 |   N/A |   N/A | 100.0 |  62.0
       Dungeon | 100.0 | 100.0 |   N/A |   N/A | 100.0 |  62.0
               +-------+-------+-------+-------+-------+----------------------
